[Event "Team 45 45 League T60"]
[Site "Internet Chess Club"]
[Date "2014.03.16"]
[Round "3"]
[White "fledermaus"]
[Black "chess9397"]
[Result "1-0"]
[WhiteElo "1940"]
[BlackElo "1752"]
[Opening "English opening"]
[ECO "A05"]
[Time "15:00:44"]
[TimeControl "2700+45"]

1. Nf3 Nf6 2. c4 g6 3. Nc3 d5 4. cxd5 Nxd5 5. Qa4+ Nc6 6. Ne5 Nxc3 7. dxc3 Bd7
8. Nxd7 Qxd7 9. e4 Bg7 10. Bb5 O-O 11. Bxc6 bxc6 12. O-O Rfd8 13. Be3 Qe6 14.
Rad1 Rdb8 15. Bc1 Be5 16. Rfe1 Rb6 17. f4 Bg7 18. Rd3 Bh6 19. b3 Qg4 20. e5 Qf5
21. Qe4 Qxe4 22. Rxe4 e6 23. Be3 Rb7 24. Red4 Rbb8 25. Rd7 Rc8 26. Kf2 Bf8 27.
Kf3 a5 28. a4 Rab8 29. c4 Rb7 30. Ke4 Rcb8 31. Rd8 Rxb3 32. Bc5 Rxd3 33. Rxb8
{Black resigns} 1-0

[Event "Team 45 45 League T60"]
[Site "Internet Chess Club"]
[Date "2014.03.22"]
[Round "3"]
[White "DouDou"]
[Black "jonesey"]
[Result "0-1"]
[WhiteElo "1836"]
[BlackElo "1897"]
[Opening "Ruy Lopez: old Steinitz defense"]
[ECO "C62"]
[Time "10:00:29"]
[TimeControl "2700+45"]

1. e4 e5 2. Nf3 Nc6 3. Bb5 d6 4. O-O Bd7 5. Nc3 Nf6 6. d3 g6 7. Bg5 Bg7 8. Qd2
O-O 9. Nd5 Nb8 10. Nxf6+ Bxf6 11. Bxf6 Qxf6 12. Bc4 Nc6 13. c3 Be6 14. Bxe6 fxe6
15. d4 Qg7 16. Rad1 h6 17. b4 Rxf3 18. gxf3 Rf8 19. b5 Ne7 20. Qe3 Rf4 21. Kh1
g5 22. Rg1 Ng6 23. Rg4 Rf6 24. d5 exd5 25. exd5 Nh4 26. Rg3 Nf5 27. Qxa7 Nxg3+
28. hxg3 b6 29. Kg2 Qf7 30. Qa4 Rxf3 31. Qc2 Kg7 32. Rd3 e4 33. Rd4 e3 34. fxe3
Rxe3 35. Qf2 Qe8 36. Rd2 Qe4+ 37. Kh2 Re1 38. Qd4+ Kg6 39. Qxe4+ Rxe4 40. Rd4
Rxd4 41. cxd4 Kf5 42. Kh3 h5 43. g4+ hxg4+ 44. Kg3 Ke4 45. Kxg4 Kxd4 46. Kxg5
Kxd5 47. Kf5 Kc5 48. Ke4 Kxb5 49. Kd5 Ka4 50. Kc6 Ka3 51. Kxc7 d5 52. Kxb6 d4
53. Kc5 d3 54. Kc4 d2 55. Kb5 d1=Q 56. Kc4 Qd2 57. Kc5 Qd3 58. Kc6 Qd4 59. Kc7
Qd5 60. Kc8 Qf7 61. Kd8 Kxa2 62. Kc8 Qe7 63. Kb8 Kb3 64. Ka8 Kb4 65. Kb8 Kb5 66.
Ka8 Kb6 67. Kb8 Qe8# {White checkmated} 0-1

[Event "Team 45 45 League T60"]
[Site "Internet Chess Club"]
[Date "2014.03.22"]
[Round "3"]
[White "RubberDuck"]
[Black "hood"]
[Result "1-0"]
[WhiteElo "1918"]
[BlackElo "1855"]
[Opening "Grünfeld: exchange variation"]
[ECO "D85"]
[Time "15:01:24"]
[TimeControl "2700+45"]

1. d4 Nf6 2. c4 g6 3. Nc3 d5 4. cxd5 Nxd5 5. e4 Nxc3 6. bxc3 Bg7 7. Be3 c5 8.
Nf3 Nc6 9. Qd2 O-O 10. d5 Qa5 11. Rc1 Ne5 12. Nxe5 Bxe5 13. Be2 Bg7 14. O-O Qc7
15. f4 b6 16. Rf3 f5 17. e5 Bb7 18. c4 Rad8 19. Qe1 Qc8 20. Qh4 e6 21. Rh3 h6
22. d6 Rd7 23. Bd2 Qd8 24. Qg3 Kh7 25. Rc3 Rg8 26. Rh4 Bf8 27. Qf2 Kg7 28. Rch3
Kf7 29. Qg3 Ke8 30. Bd1 Bc6 31. Bf3 Bxf3 32. Qxf3 g5 33. Rxh6 Bxh6 34. Rxh6 g4
35. Rxe6+ Kf8 36. Qd5 Rf7 37. Rh6 Kg7 38. Rh5 Qe8 39. Bc3 Kg6 40. Rg5+ Kh7 41.
Rxg8 Kxg8 42. e6 Rg7 43. e7+ Kh7 44. Qxf5+ Kh8 45. Bxg7+ Kxg7 46. Qxg4+ Kh7 47.
Qf5+ Kh6 48. Qf8+ {Black resigns} 1-0

[Event "Team 45 45 League T60"]
[Site "Internet Chess Club"]
[Date "2014.03.20"]
[Round "3"]
[White "joebobpop"]
[Black "gcl"]
[Result "0-1"]
[WhiteElo "1909"]
[BlackElo "1735"]
[Opening "Ruy Lopez: Cozio defense deferred"]
[ECO "C70"]
[Time "19:05:12"]
[TimeControl "2700+45"]

1. e4 e5 2. Nf3 Nc6 3. Bb5 a6 4. Ba4 Nge7 5. c3 g6 6. d4 exd4 7. cxd4 Bg7 8. O-O
b5 9. Bb3 d6 10. h3 Na5 11. Nc3 Nxb3 12. Qxb3 c5 13. dxc5 dxc5 14. Bf4 Be6 15.
Qc2 O-O 16. Rfd1 Qc8 17. Bd6 Re8 18. e5 Nf5 19. Ne4 c4 20. g4 Ne7 21. Nf6+ Bxf6
22. exf6 Nd5 23. Rxd5 Bxd5 24. Qd2 Re6 25. Qxd5 Qd8 26. Rd1 Rxf6 27. Ne5 Qe8 28.
Qc5 Rd8 29. Nc6 Qe2 30. Rd5 Qe1+ 31. Kg2 Qe4+ 32. Kg1 Qe1+ 33. Kg2 Qe4+ 34. Kh2
Rdxd6 35. Rxd6 Qf4+ 36. Kg1 {White resigns} 0-1

[Event "Team 45 45 League T60"]
[Site "Internet Chess Club"]
[Date "2014.03.16"]
[Round "3"]
[White "Greedy-Reedy"]
[Black "fhunfi"]
[Result "1-0"]
[WhiteElo "1942"]
[BlackElo "2007"]
[Opening "French: Winawer, advance variation"]
[ECO "C18"]
[Time "11:06:24"]
[TimeControl "2700+45"]

1. e4 e6 2. d4 d5 3. Nc3 Bb4 4. e5 c5 5. a3 Bxc3+ 6. bxc3 Qa5 7. Bd2 Qa4 8. Qg4
g6 9. Ra2 c4 10. g3 Nc6 11. Bg2 Bd7 12. Nh3 h6 13. O-O Nge7 14. Rb1 b6 15. Qd1
O-O-O 16. Qc1 Rdg8 17. Bxh6 Nf5 18. Bg5 Rh7 19. Bf6 Be8 20. Ng5 Rh6 21. g4 Ng7
22. Nxf7 Bxf7 23. Qxh6 Ne8 24. Qf4 Nxf6 25. Qxf6 Nd8 26. Qe7 Re8 27. Qb4 Qd7 28.
a4 Nc6 29. Qb5 Qc7 30. Qa6+ Kd8 31. a5 Nxa5 32. Rxa5 bxa5 33. Rb7 {Black
resigns} 1-0

[Event "Team 45 45 League T60"]
[Site "Internet Chess Club"]
[Date "2014.03.16"]
[Round "3"]
[White "RamRock"]
[Black "IshanR"]
[Result "1/2-1/2"]
[WhiteElo "1770"]
[BlackElo "1801"]
[Opening "Sicilian defense"]
[ECO "B20"]
[Time "20:04:27"]
[TimeControl "2700+45"]

1. e4 c5 2. d3 e6 3. g3 d5 4. Nc3 Nf6 5. e5 Nfd7 6. f4 Nc6 7. Nf3 Be7 8. Bg2 O-O
9. O-O a6 10. b3 b5 11. Bb2 Bb7 12. Ne2 Qb6 13. c3 Rfc8 14. Qd2 a5 15. Rfc1 a4
16. Rcb1 axb3 17. axb3 c4+ 18. d4 Rxa1 19. Rxa1 cxb3 20. Nc1 Na5 21. Qd1 Nc4 22.
Qxb3 g6 23. Nd3 Nb8 24. Nb4 Bxb4 25. cxb4 Nxb2 26. Qxb2 Qc7 27. Bf1 Qc3 28. Qxc3
Rxc3 29. Ra7 Bc6 30. Ng5 Rb3 31. Bxb5 Bxb5 32. Rb7 Nc6 33. Rxb5 Rxb4 34. Rxb4
Nxb4 35. Kf2 {Game drawn by mutual agreement} 1/2-1/2

[Event "Team 45 45 League T60"]
[Site "Internet Chess Club"]
[Date "2014.03.15"]
[Round "3"]
[White "jrobic7"]
[Black "hewdondada"]
[Result "1-0"]
[WhiteElo "1769"]
[BlackElo "1699"]
[Opening "Scandinavian (center counter) defense"]
[ECO "B01"]
[Time "17:02:04"]
[TimeControl "2700+45"]

1. e4 d5 2. exd5 Qxd5 3. Nc3 Qa5 4. d4 Nf6 5. Bc4 Bf5 6. Nf3 e6 7. Bd2 c6 8. Bb3
Bb4 9. a3 Bxc3 10. Bxc3 Qc7 11. Qe2 O-O 12. Qe5 Qd8 13. O-O-O Nbd7 14. Qf4 Ne4
15. Be1 Qb6 16. g4 Bg6 17. h4 Nef6 18. Ng5 h6 19. Nh3 Be4 20. f3 Bd5 21. g5 Bxb3
22. gxf6 Nxf6 23. Rg1 Kh8 24. Bb4 Nd5 25. Qg3 Rg8 26. Ng5 Qc7 27. Qxc7 Nxc7 28.
Nxf7+ Kh7 29. cxb3 a5 30. Bd6 Nd5 31. Be5 Ne3 32. Rde1 Nf5 33. Nd6 Nxh4 34. Rg3
b5 35. Reg1 g6 36. Ne4 Rgc8 37. Nf6+ Kg7 38. Nd5+ {Black resigns} 1-0

[Event "Team 45 45 League T60"]
[Site "Internet Chess Club"]
[Date "2014.03.18"]
[Round "3"]
[White "Timotheous"]
[Black "kabindra"]
[Result "1-0"]
[WhiteElo "1838"]
[BlackElo "1834"]
[Opening "English opening"]
[ECO "A05"]
[Time "11:00:13"]
[TimeControl "2700+45"]

1. Nf3 Nf6 2. c4 g6 3. b4 Bg7 4. Bb2 d6 5. g3 O-O 6. Bg2 c6 7. O-O e5 8. d3 a6
9. Nbd2 Re8 10. Qc2 Bg4 11. h3 Bf5 12. e4 Bd7 13. a4 b6 14. c5 bxc5 15. bxc5
dxc5 16. Nxe5 Nxe4 17. Nxf7 Kxf7 18. Nxe4 Bxb2 19. Qxb2 Bf5 {Black resigns} 1-0

[Event "Team 45 45 League T60"]
[Site "Internet Chess Club"]
[Date "2014.03.23"]
[Round "3"]
[White "steadman"]
[Black "chess9793"]
[Result "1-0"]
[WhiteElo "2195"]
[BlackElo "2132"]
[Opening "Grünfeld: exchange variation"]
[ECO "D85"]
[Time "22:05:48"]
[TimeControl "2700+45"]

1. d4 Nf6 2. c4 g6 3. Nc3 d5 4. cxd5 Nxd5 5. e4 Nxc3 6. bxc3 Bg7 7. Bg5 c5 8.
Rc1 O-O 9. Nf3 Bg4 10. d5 Qd6 11. Qb3 Bxf3 12. gxf3 b6 13. h4 h5 14. Be2 Be5 15.
Qd1 Nd7 16. Qd2 Bg7 17. O-O Kh7 18. a4 a6 19. Rb1 f5 20. Qe3 f4 21. Qd2 Bh6 22.
Bxh6 Kxh6 23. Kh2 Ne5 24. Rg1 Qf6 25. Rg5 Rg8 26. Qb2 Nf7 27. Rbg1 Kh7 28. e5
Nxe5 29. Qb1 Kh6 30. Qe4 Nf7 31. Bd3 Nh8 32. Kh3 Rab8 33. Re5 Rg7 34. Re6 Qf7
35. Qe5 Rd8 36. Qg5+ Kh7 37. Qxh5+ Kg8 38. Bxg6 Qf8 {Black resigns} 1-0

[Event "Team 45 45 League T60"]
[Site "Internet Chess Club"]
[Date "2014.03.16"]
[Round "3"]
[White "chessfan"]
[Black "jjmolina"]
[Result "1-0"]
[WhiteElo "1894"]
[BlackElo "1818"]
[Opening "Ruy Lopez: Berlin defense"]
[ECO "C65"]
[Time "14:00:25"]
[TimeControl "2700+45"]

1. e4 e5 2. Nf3 Nc6 3. Bb5 Nf6 4. Qe2 Bc5 5. d3 d6 6. c3 O-O 7. Bg5 h6 8. Bh4 g5
9. Bg3 Nh5 10. Nbd2 Bd7 11. Nb3 Bb6 12. Nfd2 Nxg3 13. hxg3 Qf6 14. Nc4 Be6 15.
Rh5 Bg4 16. Qxg4 Qxf2+ 17. Kd1 f5 18. exf5 Kg7 19. Qh3 Qxf5 20. Qxf5 Rxf5 21.
Nbd2 Rf2 22. Kc2 Rxg2 23. Rah1 Rh8 24. Nxb6 axb6 25. Bc4 Rxg3 26. Bd5 Rg4 27.
Ne4 Rg2+ 28. Kc1 Na5 29. Nc5 {Black resigns} 1-0

[Event "Team 45 45 League T60"]
[Site "Internet Chess Club"]
[Date "2014.03.17"]
[Round "3"]
[White "primerpaso"]
[Black "DouDou"]
[Result "1-0"]
[WhiteElo "1950"]
[BlackElo "1872"]
[Opening "English: Anglo-Grünfeld, Smyslov defense"]
[ECO "A16"]
[Time "21:08:11"]
[TimeControl "2700+45"]

1. c4 Nf6 2. Nc3 d5 3. cxd5 Nxd5 4. g3 g6 5. Bg2 Nxc3 6. bxc3 Bg7 7. Rb1 c6 8.
Nf3 O-O 9. O-O Bf5 10. Rxb7 Nd7 11. Nd4 Bxd4 12. cxd4 Qc8 13. Rb2 Nb6 14. d3 Rd8
15. e3 Qd7 16. Rc2 Rac8 17. Rc5 Bg4 18. Qc2 Nd5 19. Bd2 Qc7 20. Rc1 Qb7 21. Rxc6
Rxc6 22. Qxc6 Qb2 23. Qc2 Qa3 24. Qb3 Qd6 25. e4 Nb6 26. d5 Rc8 27. Rxc8+ Nxc8
28. Bb4 Qd7 29. Qc3 e6 30. f3 Bh5 31. Qc5 Qe8 32. g4 Bxg4 33. fxg4 exd5 34. exd5
Kg7 35. Qd4+ Kg8 36. Bc3 Qf8 37. Qh8# {Black checkmated} 1-0

[Event "Team 45 45 League T60"]
[Site "Internet Chess Club"]
[Date "2014.03.18"]
[Round "3"]
[White "LiangLiang"]
[Black "Baseta"]
[Result "0-1"]
[WhiteElo "1803"]
[BlackElo "1834"]
[Opening "French: Tarrasch, open variation"]
[ECO "C07"]
[Time "17:30:08"]
[TimeControl "2700+45"]

1. e4 e6 2. d4 d5 3. Nd2 c5 4. exd5 Qxd5 5. Ngf3 cxd4 6. Bc4 Qd6 7. O-O Nf6 8.
Re1 Be7 9. Nb3 Nc6 10. Nbxd4 Nxd4 11. Nxd4 O-O 12. Nb5 Qxd1 13. Rxd1 Bd7 14. Nd4
Rac8 15. Bb3 Rfd8 16. Nf3 Bc6 17. Rxd8+ Rxd8 18. Be3 Bxf3 19. gxf3 b6 20. c3 Kf8
21. a4 Nd5 22. Bxd5 Rxd5 23. a5 Rxa5 24. Rxa5 bxa5 25. Bxa7 Ke8 26. b3 Kd7 27.
Kf1 Kc6 28. Ke2 h5 29. Kd3 g5 30. c4 f5 31. Bd4 g4 32. f4 h4 33. Bc3 Bd6 34. Be5
Bc5 35. Ke2 h3 36. Bc3 Bd6 37. Ke3 Bc7 38. Bd4 Bd8 39. Ke2 Bc7 40. Ke3 Bd8 41.
Ke2 Bh4 42. Kf1 Be7 43. Ke2 Bd6 44. Ke3 Ba3 45. Kd3 Be7 46. Ke3 Bh4 47. Ke2 g3
48. fxg3 Bxg3 49. Kf3 Bxh2 50. Be3 e5 {White resigns} 0-1

[Event "Team 45 45 League T60"]
[Site "Internet Chess Club"]
[Date "2014.03.12"]
[Round "3"]
[White "Cryptochess"]
[Black "CuatroPrincesas"]
[Result "1/2-1/2"]
[WhiteElo "2122"]
[BlackElo "2223"]
[Opening "Sicilian: Smith-Morra gambit"]
[ECO "B21"]
[Time "17:00:16"]
[TimeControl "2700+45"]

1. e4 c5 2. d4 cxd4 3. c3 dxc3 4. Nxc3 Nc6 5. Nf3 d6 6. Bc4 a6 7. O-O Nf6 8. Be3
Bg4 9. Qb3 e6 10. Qxb7 Na5 11. Qb4 Nxc4 12. Qxc4 Bxf3 13. gxf3 Be7 14. Qc6+ Nd7
15. Rfd1 O-O 16. Bf4 Qc8 17. Qxc8 Rfxc8 18. Bxd6 Bxd6 19. Rxd6 Ne5 20. Kg2 Nc4
21. Rd7 Nxb2 22. Rb1 Rxc3 23. Rxb2 Ra3 24. Ra7 Rf8 {Game drawn by mutual
agreement} 1/2-1/2

[Event "Team 45 45 League T60"]
[Site "Internet Chess Club"]
[Date "2014.03.14"]
[Round "3"]
[White "f5"]
[Black "Nb4"]
[Result "1-0"]
[WhiteElo "2172"]
[BlackElo "1968"]
[Opening "QGD Slav: Tolush-Geller gambit"]
[ECO "D15"]
[Time "16:17:23"]
[TimeControl "2700+45"]

1. d4 d5 2. Nf3 Nf6 3. c4 c6 4. Nc3 dxc4 5. e4 b5 6. e5 Nd5 7. Be2 Bf5 8. O-O e6
9. a4 Nxc3 10. bxc3 a5 11. Nd2 Nd7 12. f4 h5 13. g3 Nb6 14. Bf3 Nd5 15. Ne4 Qc7
16. Qe2 Rc8 17. Bd2 Be7 18. Rfb1 Qb6 19. Kg2 Qa6 20. Rc1 Nb6 21. axb5 cxb5 22.
h3 Nd5 23. g4 hxg4 24. hxg4 Bxe4 25. Bxe4 Kd7 26. Qf3 Kc6 27. f5 Rcf8 28. Rh1
Rhg8 29. g5 Qa8 30. Kf2 Kb6 31. Ke2 Rh8 32. Qg4 Qc8 33. Qf3 Qd7 34. Rag1 b4 35.
f6 gxf6 36. gxf6 Bd8 37. Bxd5 Qxd5 38. Qxd5 exd5 39. cxb4 a4 40. Bh6 Rfg8 41.
Bg7 Rxh1 42. Rxh1 Kb5 43. Kd2 Bb6 44. e6 fxe6 45. f7 Ra8 46. Rh8 {Black resigns}
1-0

[Event "Team 45 45 League T60"]
[Site "Internet Chess Club"]
[Date "2014.03.16"]
[Round "3"]
[White "The7thGuest"]
[Black "LittleButton"]
[Result "0-1"]
[WhiteElo "1916"]
[BlackElo "1908"]
[Opening "Catalan: closed, Botvinnik variation"]
[ECO "E07"]
[Time "06:01:45"]
[TimeControl "2700+45"]

1. Nf3 Nf6 2. g3 d5 3. Bg2 e6 4. d4 Be7 5. c4 O-O 6. O-O Nbd7 7. Nc3 c6 8. Qd3
b6 9. e4 Ba6 10. b3 dxc4 11. bxc4 e5 12. dxe5 Ng4 13. Bf4 Qc7 14. e6 Nde5 15.
Nxe5 Nxe5 16. exf7+ Rxf7 17. Bxe5 Qxe5 18. Rac1 Rd8 19. Qe2 Bb4 20. Nb1 Rfd7 21.
f4 Qc5+ 22. Kh1 Ba3 23. Nxa3 Rd2 24. Qf3 R8d3 25. Qg4 Qxa3 26. Qe6+ Kf8 27. f5
Qe7 28. Qxe7+ Kxe7 29. e5 c5 30. Bd5 Rxa2 31. Ra1 Rdd2 32. Rxa2 Rxa2 33. f6+
gxf6 34. exf6+ Kf8 35. Re1 Rf2 36. f7 Rxf7 37. Bxf7 Kxf7 38. Ra1 Bxc4 39. Rxa7+
Kg6 40. Kg1 Bd3 41. Rd7 c4 42. Rd6+ Kf5 43. Rxb6 c3 44. Rc6 c2 45. Kf2 Ke4 46.
g4 Kd5 47. Rxc2 Bxc2 48. h4 Ke5 49. Kg3 Be4 50. h5 h6 51. Kh4 Kf4 52. g5 hxg5+
53. Kh3 Kf3 54. h6 g4+ 55. Kh2 Bh7 56. Kg1 Kg3 57. Kh1 Kf2 {White resigns} 0-1

[Event "Team 45 45 League T60"]
[Site "Internet Chess Club"]
[Date "2014.03.15"]
[Round "3"]
[White "zugknightly"]
[Black "lioric"]
[Result "0-1"]
[WhiteElo "1877"]
[BlackElo "1854"]
[Opening "QGD Slav: exchange variation"]
[ECO "D13"]
[Time "18:01:25"]
[TimeControl "2700+45"]

1. d4 d5 2. c4 c6 3. Nf3 Nf6 4. cxd5 cxd5 5. Nc3 Nc6 6. Bf4 Qb6 7. a3 Bg4 8. Na4
Qa5+ 9. b4 Qd8 10. e3 e6 11. Be2 Bd6 12. Bxd6 Qxd6 13. O-O O-O 14. Rc1 a5 15. b5
Na7 16. Qb3 Bxf3 17. Bxf3 Qd7 18. Nb6 Qxb5 19. Qxb5 Nxb5 20. Nxa8 Rxa8 21. a4
Nd6 22. Rb1 g6 23. Rfc1 Kf8 24. Be2 Ke7 25. Rc7+ Kd8 26. Rc2 Nd7 27. Bb5 Nb6 28.
f3 Rc8 29. Rxc8+ Kxc8 30. Kf2 Kc7 31. Rc1+ Nbc4 32. Bxc4 Nxc4 33. e4 b5 34. axb5
Kb6 35. exd5 exd5 36. Rb1 a4 37. Ke2 Nd6 38. Kd2 Nxb5 39. Kd3 Ka5 40. Rc1 Kb4
41. Rc8 a3 42. Ra8 Kb3 43. Ra5 Kb4 44. Ra8 Kb3 45. Ra5 Nc3 46. Ra8 a2 47. Rb8+
Ka3 48. Kxc3 a1=Q+ 49. Kc2 Qxd4 50. Ra8+ Kb4 51. Rb8+ Kc5 52. Rc8+ Kd6 53. Rf8
Ke7 54. Rb8 Qf2+ 55. Kd3 Qxg2 56. Rb7+ Kf6 {White resigns} 0-1

[Event "Team 45 45 League T60"]
[Site "Internet Chess Club"]
[Date "2014.03.14"]
[Round "3"]
[White "zigzag2002"]
[Black "yummy2"]
[Result "0-1"]
[WhiteElo "1992"]
[BlackElo "2368"]
[Opening "Ruy Lopez: Exchange variation doubly deferred (DERLD)"]
[ECO "C85"]
[Time "15:34:37"]
[TimeControl "2700+45"]

1. e4 e5 2. Nf3 Nc6 3. Bb5 a6 4. Ba4 Nf6 5. O-O Be7 6. Bxc6 dxc6 7. d3 Nd7 8. b3
O-O 9. Bb2 f6 10. Nbd2 Nc5 11. Nh4 Ne6 12. Nf5 Bc5 13. Nf3 g6 14. Ne3 Nf4 15.
Re1 Qe7 16. a3 a5 17. Nc4 Be6 18. Qd2 a4 19. b4 Ba7 20. Rad1 Bxc4 21. dxc4 Rad8
22. Qc1 Qe6 23. c5 Qg4 24. g3 Qxf3 25. gxf4 b6 26. Rxd8 Rxd8 27. fxe5 bxc5 28.
Qe3 Qxe3 29. fxe3 fxe5 30. Bxe5 Re8 31. Bxc7 Rxe4 32. Ba5 cxb4 33. Bxb4 Rxe3 34.
Rxe3 Bxe3+ 35. Kf1 c5 36. Bc3 Bc1 37. Ke2 Bxa3 38. Kd3 Bc1 39. Kc4 a3 40. Kxc5
Bb2 41. Kc4 g5 42. Kb3 Bxc3 43. Kxc3 g4 44. Kb3 h5 45. Kxa3 h4 {White resigns}
0-1

[Event "Team 45 45 League T60"]
[Site "Internet Chess Club"]
[Date "2014.03.17"]
[Round "3"]
[White "CuatroPrincesas"]
[Black "irock"]
[Result "1-0"]
[WhiteElo "2227"]
[BlackElo "1856"]
[Opening "Sicilian: accelerated fianchetto, Maróczy bind"]
[ECO "B36"]
[Time "17:07:55"]
[TimeControl "2700+45"]

1. e4 c5 2. Nf3 g6 3. d4 cxd4 4. Nxd4 Nc6 5. c4 Nf6 6. Nc3 d6 7. Nc2 Bg7 8. Be2
O-O 9. O-O Nd7 10. Bd2 a5 11. Na3 Nc5 12. Nab5 Nd4 13. Nxd4 Bxd4 14. Qc2 f5 15.
Bh6 Bg7 16. Bxg7 Kxg7 17. exf5 Bxf5 18. Qd2 Rc8 19. b3 Bd7 20. Rfe1 Rf7 21. Bf1
Bc6 22. Rab1 Qf8 23. Rb2 Rf5 24. a3 Nd7 25. f4 Kg8 26. g3 h5 27. Bh3 Rc5 28. Ne4
Bxe4 29. Bxd7 Bf5 30. Bxc8 Bxc8 31. Qd4 Rf5 32. Rbe2 e6 33. Rxe6 Bxe6 34. Rxe6
Kh7 35. Qxd6 Qxd6 36. Rxd6 Rf7 37. Rb6 Kh6 38. Kf2 h4 39. Kf3 hxg3 40. hxg3 Rd7
41. Kg4 a4 42. bxa4 Rd3 43. Rxb7 Rxa3 44. Rb4 Rd3 45. a5 Rd7 46. a6 Ra7 47. Ra4
Kh7 48. c5 Kg7 49. c6 Kf6 50. c7 {Black resigns} 1-0

[Event "Team 45 45 League T60"]
[Site "Internet Chess Club"]
[Date "2014.03.15"]
[Round "3"]
[White "MintyBlue"]
[Black "Gater-Nation"]
[Result "1-0"]
[WhiteElo "2181"]
[BlackElo "2006"]
[Opening "Sicilian: Grand Prix attack"]
[ECO "B23"]
[Time "16:01:16"]
[TimeControl "2700+45"]

1. e4 c5 2. Nc3 Nc6 3. f4 g6 4. Nf3 Bg7 5. Bb5 Nd4 6. O-O Nxb5 7. Nxb5 d5 8. e5
a6 9. Nc3 d4 10. Ne4 Qd5 11. d3 Nh6 12. Qe2 O-O 13. c4 dxc3 14. bxc3 Rd8 15. Rd1
Bf5 16. c4 Qc6 17. Ba3 b6 18. Rab1 Bg4 19. h3 Bxf3 20. Qxf3 Rac8 21. g4 f5 22.
exf6 exf6 23. f5 gxf5 24. gxf5 Re8 25. Bb2 b5 26. Kh2 bxc4 27. Rg1 Kh8 28. Rxg7
Kxg7 29. Rg1+ Kf8 30. Bxf6 Rxe4 31. Bg7+ Ke8 32. dxe4 Rd8 33. Qh5+ Nf7 34. Bc3
Rd3 35. Rg8+ Ke7 36. Rg7 Qd6+ 37. e5 Rd2+ 38. Kg1 Rd1+ 39. Kf2 Qd5 40. Rxf7+
Qxf7 41. Qxd1 Qxf5+ 42. Qf3 Qc2+ 43. Kg3 Qg6+ 44. Kf4 Qh6+ 45. Ke4 Qg6+ 46. Kd5
{Black resigns} 1-0

[Event "Team 45 45 League T60"]
[Site "Internet Chess Club"]
[Date "2014.03.12"]
[Round "3"]
[White "f5"]
[Black "Ptzz"]
[Result "1-0"]
[WhiteElo "2164"]
[BlackElo "2039"]
[Opening "Caro-Kann: classical, Spassky variation"]
[ECO "B19"]
[Time "14:31:38"]
[TimeControl "2700+45"]

1. e4 c6 2. d4 d5 3. Nc3 dxe4 4. Nxe4 Bf5 5. Ng3 Bg6 6. h4 h6 7. Nf3 Nd7 8. h5
Bh7 9. Bd3 Bxd3 10. Qxd3 e6 11. Bd2 Ngf6 12. O-O-O Be7 13. Kb1 O-O 14. Ne4 c5
15. dxc5 Nxc5 16. Nxc5 Bxc5 17. Qb5 Qb6 18. Qxb6 Bxb6 19. Be3 Bxe3 20. fxe3 Rfd8
21. Kc1 Kf8 22. Ne5 Ke7 23. Rd4 Rd5 24. Rxd5 Nxd5 25. Kd2 Rd8 26. Ke2 Nf6 27.
Nd3 Rd5 28. Nf4 Rg5 29. Kf2 e5 30. Nd3 Nxh5 31. Rh4 Rf5+ 32. Ke1 Ng3 33. Rg4 Nh5
34. Rb4 b6 35. g4 Rg5 36. gxh5 Rxh5 37. a4 Kd6 38. a5 bxa5 39. Rb7 Rh2 40. Nf2
Ke6 41. Kf1 g5 42. Kg1 Rh4 43. Rxa7 Ra4 44. Ra6+ Kf5 45. Rxh6 Ra2 46. Rb6 g4 47.
Kg2 a4 48. Kg3 a3 49. bxa3 Rxa3 50. Nxg4 Kg5 51. Rb3 Ra5 52. Nf2 f5 53. Nd3 Ra2
54. Rc3 e4 55. Nf4 Ra6 56. Ne2 Rb6 57. Rc5 {Black resigns} 1-0

[Event "Team 45 45 League T60"]
[Site "Internet Chess Club"]
[Date "2014.03.18"]
[Round "3"]
[White "perikitosax"]
[Black "BigH"]
[Result "1/2-1/2"]
[WhiteElo "1989"]
[BlackElo "2110"]
[Opening "QGD: Ragozin variation"]
[ECO "D38"]
[Time "15:11:42"]
[TimeControl "2700+45"]

1. d4 Nf6 2. c4 e6 3. Nf3 Bb4+ 4. Nc3 d5 5. Bg5 h6 6. Bxf6 Qxf6 7. e3 O-O 8. Rc1
Nc6 9. a3 Bxc3+ 10. Rxc3 Re8 11. Bd3 dxc4 12. Rxc4 e5 13. Nxe5 Nxe5 14. dxe5
Rxe5 15. O-O c6 16. Rf4 Qe7 17. Bc4 Be6 18. Bxe6 Rxe6 19. Rd4 Qf6 20. Qd2 Rae8
21. Rd1 R6e7 22. b4 g6 23. Qc2 Qe5 24. h3 Kg7 25. Qd2 h5 26. Rd6 Re6 27. Rd7
R8e7 28. Rd8 Re8 29. Rd7 R6e7 30. Rd6 Kg8 31. Qd4 Qxd4 32. R1xd4 Rc8 33. Kf1 Kg7
34. Rc4 Rcc7 35. Ke2 Red7 36. Rd3 Kf6 37. Rcd4 Rxd4 38. Rxd4 c5 39. Rc4 b6 40.
e4 Ke5 41. Ke3 g5 42. g3 g4 43. hxg4 hxg4 44. a4 a5 45. bxa5 bxa5 46. f4+ gxf3
47. Kxf3 Kd6 48. Kf4 Rb7 49. Kf5 Rb4 50. Rc1 Rxa4 51. g4 Rd4 52. g5 a4 53. Ra1
Kc6 54. Kf6 Rxe4 55. Kxf7 Rg4 56. g6 Kb5 57. Rb1+ Kc4 58. Rc1+ Kb4 59. Rb1+ Ka3
60. g7 c4 61. Ra1+ Kb4 62. Rb1+ Kc5 63. Ra1 Kb4 64. Rb1+ Kc3 65. Ra1 Kb3 66.
Rb1+ Kc2 67. Ra1 c3 68. Rxa4 Rxg7+ 69. Kxg7 Kb2 70. Rb4+ Kc1 71. Kf6 c2 72. Ke5
Kd2 73. Rc4 c1=Q 74. Rxc1 Kxc1 {Game drawn because neither player has mating
material} 1/2-1/2

[Event "Team 45 45 League T60"]
[Site "Internet Chess Club"]
[Date "2014.03.16"]
[Round "3"]
[White "Campagnolo"]
[Black "gerailen0075"]
[Result "1/2-1/2"]
[WhiteElo "2029"]
[BlackElo "1918"]
[Opening "English: Queens Indian, Romanishin variation"]
[ECO "A05"]
[Time "18:30:43"]
[TimeControl "2700+45"]

1. Nf3 Nf6 2. c4 e6 3. Nc3 b6 4. e4 Bb7 5. Bd3 d6 6. O-O Be7 7. Bc2 c5 8. d4
cxd4 9. Nxd4 O-O 10. Be3 Nbd7 11. Rc1 a6 12. Bb1 Rc8 13. b3 Qc7 14. f3 Qb8 15.
Qd2 Rfe8 16. Rfd1 Ba8 17. Qf2 Bf8 18. Nde2 Kh8 19. Kh1 Kg8 20. Bf4 Ne5 21. Be3
Ned7 22. Bf4 Ne5 23. Be3 Ned7 {Game drawn by repetition} 1/2-1/2

[Event "Team 45 45 League T60"]
[Site "Internet Chess Club"]
[Date "2014.03.16"]
[Round "3"]
[White "Wargasm"]
[Black "gump12345"]
[Result "1-0"]
[WhiteElo "2208"]
[BlackElo "2002"]
[Opening "King's Indian: fianchetto with ...Nc6"]
[ECO "E62"]
[Time "16:06:59"]
[TimeControl "2700+45"]

1. d4 Nf6 2. c4 g6 3. g3 Bg7 4. Bg2 d6 5. Nc3 O-O 6. Nf3 Nc6 7. O-O Rb8 8. h3 a6
9. e4 b5 10. e5 dxe5 11. dxe5 Nd7 12. e6 fxe6 13. cxb5 axb5 14. Qe2 Nde5 15.
Nxe5 Nxe5 16. Rd1 Bd7 17. Bf4 Nf7 18. Ne4 e5 19. Nc5 Nd6 20. Bxe5 Rf5 21. Bd5+
Kh8 22. Nxd7 Qxd7 23. Bxg7+ Kxg7 24. Be6 Qe8 25. Bxf5 gxf5 26. Qe5+ Kf7 27. Rac1
c6 28. Rc3 Qd7 29. Rf3 Rg8 30. b3 Ke8 31. a4 bxa4 32. bxa4 Nc4 33. Qb8+ Kf7 34.
Qxg8+ Kxg8 35. Rxd7 Ne5 36. Rd8+ Kf7 37. Rxf5+ {Black resigns} 1-0

[Event "Team 45 45 League T60"]
[Site "Internet Chess Club"]
[Date "2014.03.16"]
[Round "3"]
[White "xwang1"]
[Black "steadman"]
[Result "0-1"]
[WhiteElo "2100"]
[BlackElo "2181"]
[Opening "Sicilian: Taimanov variation"]
[ECO "B48"]
[Time "22:00:26"]
[TimeControl "2700+45"]

1. e4 c5 2. Nf3 e6 3. d4 cxd4 4. Nxd4 Nc6 5. Nc3 Qc7 6. Be3 a6 7. Qd2 Nf6 8.
O-O-O Bb4 9. f3 O-O 10. g4 b5 11. g5 Nh5 12. Nxc6 dxc6 13. f4 e5 14. f5 Nf4 15.
Rg1 Bb7 16. Qd7 Qb8 17. Ne2 Bc8 18. Qxc6 Bb7 19. Qb6 Rc8 20. Nxf4 exf4 21. Bf2
Bxe4 22. Qxb8 Raxb8 23. Bd3 Bc5 24. Bxc5 Bxd3 25. Rxd3 Rxc5 26. f6 Rbc8 27. c3
b4 28. Kc2 Rf5 29. fxg7 Kxg7 30. Rf1 bxc3 31. bxc3 Kg6 32. Rd6+ Kxg5 33. Rxa6 f3
34. Ra4 f2 35. Rd4 Rf3 36. Rd3 Kf4 37. Rd2 Rcxc3+ 38. Kb2 Rc7 39. Rdxf2 Rxf2+
40. Rxf2+ Ke4 41. a4 f5 42. Re2+ Kf3 43. Re8 f4 44. Rf8 Ke3 45. Kb3 f3 46. a5 f2
47. a6 Re7 48. Kc2 Ke2 49. a7 Rc7+ {White resigns} 0-1